 Dungeon Crawl Stone Soup version 0.30-b1-2-g02819fbbbe (webtiles) character file.

Game seed: 14865316780890243647

394 Fartwhistle the Changer (level 6, -6/38 HPs)
             Began as an Octopode Transmuter on June 6, 2023.
             Was a Follower of Cheibriados.
             Mangled by an iguana (11 damage)
             ... on level 4 of the Dungeon.
             The game lasted 00:08:03 (3427 turns).

Fartwhistle the Changer (Octopode Transmuter)       Turns: 3427, Time: 00:08:04

Health: -6/38      AC:  2    Str: 10 (13) XL:     6   Next: 82%
Magic:  12/12      EV: 19    Int: 17 (20) God:    Cheibriados [*.....]
Gold:   159        SH:  0    Dex: 19 (20) Spells: 3/13 levels left

rFire   . .          .
                       - Unarmed
rCold   . . .        (shield currently unavailable)
rNeg    . . .        (helmet currently unavailable)
rPois   x            g - amulet of faith
rElec   .            (no ring)
rCorr   .            (no ring)
SInv    .            (no ring)
Will    .....        (no ring)
Stlth   ++           (no ring)
HPRegen 0.26/turn    (no ring)
MPRegen 0.13/turn    (no ring)
                     (no ring)

%: faith
@: spider-form, wereblooded, attractive, very slow
A: venomous fangs, almost no armour, (amphibious), 8 rings, tiny, (camouflage
1), (gelatinous body 1), (nimble swimmer 1), (tentacles)
a: End Transformation, Renounce Religion, Bend Time


You were on level 4 of the Dungeon.
You worshipped Cheibriados.
Cheibriados was aware of your devotion.
You were a venomous arachnid creature.
You visited 1 branch of the dungeon, and saw 4 of its levels.

You collected 159 gold pieces.

Inventory:

Missiles
 e - 11 poisoned darts
 i - 5 boomerangs
Jewellery
 f - an amulet of reflection
 g - an amulet of faith (around neck)
Scrolls
 c - 3 scrolls of identify {unknown}
 d - 2 scrolls of fear {unknown}
 h - 3 scrolls of teleportation {unknown}
 j - a scroll of blinking {unknown}
 l - 2 scrolls of magic mapping {unknown}
 m - a scroll of noise {unknown}
 n - a scroll of brand weapon {unknown}
 o - a scroll of immolation {unknown}
 p - a scroll of torment {unknown}
Potions
 b - 2 potions of degeneration
 k - a potion of attraction


   Skills:
 + Level 1.3 Fighting
 - Level 2.0 Dodging
 + Level 3.1 Unarmed Combat
 + Level 4.1 Spellcasting
 + Level 5.1 Transmutations
 + Level 0.3 Ice Magic
 - Level 2.0 Poison Magic


You had 3 spell levels left.
You knew the following spells:

 Your Spells              Type           Power      Damage    Failure   Level
a - Beastly Appendage     Tmut           42%        N/A       8%          1
b - Wereblood             Tmut           21%        N/A       10%         2
c - Spider Form           Tmut/Pois      15%        N/A       26%         3
d - Ice Form              Ice/Tmut       12%        N/A       67%         4

Your spell library contained the following spells:

 Spells                   Type           Power      Damage    Failure   Level
 Magic Dart               Conj           12%        1d3       34%         1
 Searing Ray              Conj           6%         2d4       45%         2
 Fulminant Prism          Conj/Hex       1%         3d5       94%         4


Dungeon Overview and Level Annotations

Branches:
Dungeon (4/15)
 Temple: D:4-7

Altars:
Cheibriados
Xom
The Shining One

Shops:
D:2 [


Innate Abilities, Weirdness & Mutations

You are a venomous arachnid creature.
You have venomous fangs.
You are tiny and dextrous.
Your spellcasting is less reliable in this form.
Your armour is entirely melded.
You are incapable of wielding weapons or throwing items.
You cannot wear most types of armour.
((You are amphibious.))
You can wear up to eight rings at the same time.
((Your skin changes colour to match your surroundings (Stealth+).))
((Your rubbery body absorbs attacks. (AC +1, EV +1)))
((You are camouflaged when in or above water. (Stealth+)))
((You have tentacles for arms and can constrict up to eight enemies at once.))


Message History

Your transformation is almost over.
Your primal bloodlust has ended.
Your transformation has ended.
k - 2 lumpy puce potions (gained 1)
An iguana comes into view.
An iguana is nearby!
Casting: Wereblood (safe; 2% risk of failure)
Confirm with . or Enter, or press ? or * to list all spells.
Your blood is infused with primal strength.
The iguana hisses angrily.
Casting: Wereblood (safe; 2% risk of failure)
Confirm with . or Enter, or press ? or * to list all spells.
You turn into a venomous arachnid creature.
You hit the iguana.
The iguana is poisoned.
The iguana is lightly wounded.
The iguana closely misses you.
You hit the iguana but do no damage.
The iguana looks as sick as possible!
The iguana is lightly wounded.
The iguana bites you!
You barely miss the iguana.
The iguana is moderately wounded.
The iguana bites you!
You are too injured to fight recklessly!
You are too injured to fight recklessly!
You are too injured to fight recklessly!
You are too injured to fight recklessly!
You hit the iguana.
The iguana is heavily wounded.
The iguana bites you!
* * * LOW HITPOINT WARNING * * *
It was a potion of degeneration.
There was something very wrong with that liquid.
You feel weakened.
You feel dopey.
You feel clumsy. The iguana barely misses you.
It was a potion of magic.
Magic courses through your body. The iguana misses you.
It was a potion of attraction.
You feel attractive to monsters. The iguana bites you!
You die...

# ##...####....##
#..####....## ##.##
###...###..##......###
#..#
#..##..#.....<.##....
#..#
####################.
...# +.# +.. # ...#
##..## ###. ### #...#
#..#.## #..# ..###...#
###l.#.## ###..
#.......# #..s..#.##
#..## ###.....#
##..#..#.## ###..#
##.....# #..##.#..#.##
#..### ##......# ##.
##.#..#.#####..#
#..†....# .
##.#..#.##..###
........# #.
##.#..#.##).#
........# .
##.#..#..### ........#
#. ##.#.....#
........# . ##.#..###


You could see an iguana (very poisoned).

Vanquished Creatures
  4 crimson imps (D:3)
  An orc wizard (D:4)
  6 gnolls (D:2)
  10 adders
  2 dart slugs (D:1)
  6 orcs
  5 endoplasms
  4 giant cockroaches
  5 goblins
  3 hobgoblins
  11 kobolds
  5 quokkas
  11 ball pythons
  4 bats
  4 frilled lizards
  6 rats
87 creatures vanquished.

Vanquished Creatures (others)
  2 demonic plants (D:3)
  A plant (D:3)
3 creatures vanquished.

Grand Total: 90 creatures vanquished

Notes
Turn   | Place    | Note
-------+----------+-------------------------------------------
     0 | D:1      | Fartwhistle the Octopode Transmuter began the quest for the
                  | Orb.
     0 | D:1      | Reached XP level 1. HP: 13/13 MP: 3/3
   330 | D:1      | Reached XP level 2. HP: 18/18 MP: 5/5
   767 | D:2      | Reached skill level 3 in Transmutations
   767 | D:2      | Reached XP level 3. HP: 23/23 MP: 4/6
   770 | D:2      | Learned a level 2 spell: Wereblood
   896 | D:2      | Reached XP level 4. HP: 21/28 MP: 5/8
   990 | D:2      | Reached skill level 4 in Transmutations
   999 | D:2      | Learned a level 3 spell: Spider Form
  1276 | D:2      | Found Javuirhye's Antique Armour Shoppe.
  1419 | D:2      | Reached XP level 5. HP: 30/33 MP: 9/9
  1613 | D:3      | Reached skill level 1 in Poison Magic
  1857 | D:3      | Found a snail-covered altar of Cheibriados.
  1874 | D:3      | Became a worshipper of Cheibriados the Contemplative
  2027 | D:3      | Found a faded altar of an unknown god.
  2027 | D:3      | Noticed a Tzitzimitl
  2052 | D:3      | Found a shimmering altar of Xom.
  2104 | D:3      | Reached XP level 6. HP: 23/38 MP: 9/11
  2279 | D:3      | Reached skill level 5 in Transmutations
  2721 | D:4      | Reached * piety under Cheibriados
  2737 | D:4      | Learned a level 4 spell: Ice Form
  2829 | D:4      | Found a glowing golden altar of the Shining One.
  3427 | D:4      | Mangled by an iguana

Illustrated notes

Levels and vault maps discovered:
D:1:      roderic_octagonal_star, layout_loops_ring, minmay_octomino_j4
D:2:      layout_basic, serial_shops, shop
D:3:      layout_rooms, led_xom_imps, mainiacjoe_overflow_alcove_1,
          dreamdust_ecumenical_altar_sealed_demon, minmay_shallow_snake_nest
D:4:      minmay_razor_zed, layout_layer_cave, tso_metal_star,
          minmay_fountain_box

Skill      XL: |  1  2  3  4  5  6 |
---------------+-------------------+-----
Transmutations | 3 4 5 |  5.1
Spellcasting   | 3 4 |  4.1
Poison Magic   | 2 |  2.0
Fighting       | |  1.3
Dodging        | |  2.0
Unarmed Combat | |  3.1
Ice Magic      | |  0.3

Action                     |  1- 3 |  4- 6 || total
---------------------------+-------+-------++-------
  Melee: Unarmed           |    58 |   208 ||   266
         Tentacles         |    13 |    30 ||    43
         Constrict         |    12 |    37 ||    49
         Kick              |     8 |    11 ||    19
         Punch             |     1 |     5 ||     6
   Cast: Beastly Appendage |     6 |     5 ||    11
         Wereblood         |       |     8 ||     8
         Spider Form       |       |     5 ||     5
    Use: Potion            |       |     4 ||     4
   Stab: Sleeping          |     5 |     7 ||    12
 Armour: Skin              |     2 |    15 ||    17
  Dodge: Dodged            |    31 |   128 ||   159
  Block: Other             |     3 |    34 ||    37
         Reflection        |       |     2 ||     2
